 Dungeon Crawl Stone Soup version 0.26-a0-113-gd8a95b691d (webtiles) character file.

Game seed: 17058843511508853279

21 MarredHen the Vexing (level 3, -3/20 HPs)
             Began as a Kobold Arcane Marksman on June 27, 2020.
             Slain by a leopard gecko (4 damage)
             ... on level 1 of the Dungeon.
             The game lasted 00:01:15 (754 turns).

MarredHen the Vexing (Kobold Arcane Marksman)        Turns: 754, Time: 00:01:16

Health: -3/20      AC:  3    Str:  7    XL:     3   Next: 2%
Magic:  4/4        EV: 15    Int: 14    God:
Gold:   16         SH:  0    Dex: 16    Spells: 3/4 levels left

rFire    . . .     SeeInvis .   a - +0 hand crossbow
rCold    . . .     Faith    .   (shield restricted)
rNeg     . . .     Spirit   .   e - +0 robe
rPois    .         Reflect  .   m - +0 helmet
rElec    .         Harm     .   (no cloak)
rCorr    .                      (no gloves)
MR       .....                  (no boots)
Stlth    ++........             (no amulet)
HPRegen  0.06/turn              (no ring)
MPRegen  0.09/turn              (no ring)

@: no status effects
A: small, carnivore
a: no special abilities


You were on level 1 of the Dungeon.
You were full.

You visited 1 branch of the dungeon, and saw 1 of its levels.

You collected 16 gold pieces.

Inventory:

Hand Weapons
 a - a +0 hand crossbow (weapon)
 g - a +2 mace of holy wrath
Missiles
 d - 7 bolts (quivered)
Armour
 e - a +0 robe (worn)
 m - a +0 helmet (worn)
Scrolls
 k - a scroll of remove curse {unknown}
Potions
 b - 2 potions of flight {unknown}
 c - a potion of stabbing {unknown}
 h - a potion of might {unknown}
 i - a potion of curing {unknown}
 j - a potion of invisibility {unknown}
 l - a potion of ambrosia {unknown}
Comestibles
 f - a ration


   Skills:
 + Level 1.1 Fighting
 + Level 2.9 Crossbows
 + Level 2.4 Dodging
 + Level 0.6 Stealth
 + Level 1.1 Spellcasting
 + Level 3.6 Hexes


You had 3 spell levels left.
You knew the following spells:

 Your Spells              Type           Power        Failure   Level  Hunger
a - Corona                Hex            ##.....      6%          1    ##.....

Your spell library contained the following spells:

 Spells                   Type           Power        Failure   Level  Hunger
 Slow                     Hex            ##......     9%          2    ###....
 Inner Flame              Hex/Fire       #.......     36%         3    ####...
 Portal Projectile        Hex/Tloc       #.....       36%         3    ####...
 Cause Fear               Hex            ##........   50%         4    #####..
 Leda's Liquefaction      Hex/Erth       #.........   77%         4    #####..


Dungeon Overview and Level Annotations

Branches:
Dungeon (1/15)

Altars:


Innate Abilities, Weirdness & Mutations

You are small and have problems with some larger weapons.
You are carnivorous and can eat meat at any time.


Message History

You shoot a bolt.
The bolt closely misses the leopard gecko.
The bolt closely misses the bat.
The leopard gecko bites you.
* * * LOW HITPOINT WARNING * * *
Firing (i - inventory)
d - 9 bolts (quivered)
Press: ? - help, Shift-Dir - straight line, f/p - leopard gecko
Aim: a leopard gecko (almost dead)
You shoot a bolt.
The bolt barely misses the leopard gecko.
The bolt closely misses the bat.
The leopard gecko bites you.
* * * LOW HITPOINT WARNING * * *
The leopard gecko barely misses you.
Firing (i - inventory)
d - 8 bolts (quivered)
Press: ? - help, Shift-Dir - straight line, f/p - leopard gecko
Aim: a leopard gecko (almost dead)
You shoot a bolt.
The bolt closely misses the leopard gecko.
The bolt hits the bat but does no damage.
The leopard gecko misses you. The leopard gecko bites you.
You die...

### ######## ##.##
#......#
##...#######.####.##
#.#......)............
#......######....#..##
#####.## #....#..##
#†# #.......## #@#
#.......## #l#
#.#.##..##


.bg #.......## ..... ###......( ....... ##.###.## .........####...##.##
+......>..+.÷......... #....(....####...##.## ##.###.# You could see a leopard
gecko, a hobgoblin and a bat.

Vanquished Creatures
  A dart slug (D:1)
  A leopard gecko (D:1)
  A giant cockroach (D:1)
  4 goblins (D:1)
  2 hobgoblins (D:1)
  A ball python (D:1)
  2 bats (D:1)
  3 frilled lizards (D:1)
  2 kobolds (D:1)
  2 rats (D:1)
19 creatures vanquished.

Notes
Turn   | Place    | Note
-------+----------+-------------------------------------------
     0 | D:1      | MarredHen the Kobold Arcane Marksman began the quest for
                  | the Orb.
     0 | D:1      | Reached XP level 1. HP: 12/12 MP: 2/2
   314 | D:1      | Reached XP level 2. HP: 16/16 MP: 3/3
   687 | D:1      | Reached XP level 3. HP: 20/20 MP: 4/4
   753 | D:1      | HP: 1/20 [leopard gecko (4)]
   754 | D:1      | Slain by a leopard gecko

Illustrated notes

Levels and vault maps discovered:
D:1:      dpeg_arrival_arbitrary_a, layout_loops_corners

Action                   || total
-------------------------++-------
 Fire: Hand crossbow     ||    44
  Eat: Chunk             ||     4
Armor: Robe              ||     2
Dodge: Dodged            ||    14

Table legend:
 A = Non-vault XP
 B = Vault XP
 C = Vault XP percentage of total XP
 D = Non-vault monster count
 E = Vault monster count
 F = Vault count percentage of total count
                 A         B        C        D         E       F
            +---------+---------+-------+---------+---------+-------
      Total |      30 |       0 |   0.0 |      19 |       0 |   0.0
            +---------+---------+-------+---------+---------+-------
        D:1 |      30 |       0 |   0.0 |      19 |       0 |   0.0
            +---------+---------+-------+---------+---------+-------
